Map: Terraform LE (Void)

Players

PengWin

  • Race: Zerg Zerg
  • League: Master

Bobby (TheStC) - Winner!

  • Race: Terran Terran
  • League: Master

Event: Lycan League Weekly July #1

VOD

Have the link to the VOD?

Description

Time

  • Played on: July 20, 2015, 1:30 p.m.
  • Length: 6:58

All games in this series

Show
View Real Time Build Order
Export as new Build Order

PengWin Zerg 

Build Orders: Hatch First 

Get SALT Encoding   

  12  0:01  Drone  
  13  0:10  Drone  
  14  0:15  Extractor  
  14  0:16  Drone  
  15  0:38  Hatchery  
  14  0:43  Drone, Extractor  
  15  0:57  Spawning Pool  
  15  1:01  Drone, Extractor  
  14  1:08  Drone, Extractor  
  15  1:20  Overlord  
  15  1:38  Drone x3  
  18  1:45  Queen  
  20  1:51  Queen  
  22  1:55  Drone  
  22  1:59  Drone  
  24  2:02  Drone  
  25  2:08  Metabolic Boost  
  25  2:18  Overlord  
  25  2:24  Zergling x6  
  28  2:45  Zergling x6  
  28  2:46  Zergling x4  
  33  2:58  Overlord  
  33  3:00  Zergling x6  
  36  3:19  Drone x7  
  42  3:32  Drone x2, Overlord x2  
  44  3:37  Lair  
  36  3:59  Drone x3  
  36  4:00  Drone x3  
  36  4:02  Extractor x2  
  38  4:03  Extractor  
  38  4:04  Queen  
  38  4:07  Zergling x6  
  38  4:08  Zergling x2  
  43  4:31  Zergling x16  
  43  4:37  Drone  
  43  4:38  Drone x4  
  56  4:55  Drone  
  56  4:56  Spire  
  56  4:57  Drone x2  
  56  5:05  Zergling x2  
  53  5:08  Zergling x10  
  42  5:29  Zergling x10  
  42  5:30  Zergling x2  
  35  5:58  Drone x2  
  35  6:01  Drone x5  
  35  6:04  Drone  
  43  6:08  Hatchery  
  41  6:27  Drone x2  
  41  6:28  Drone x6  
  41  6:29  Drone  
  49  6:40  Zergling x2  
  49  6:41  Zergling x2  
Show
View Real Time Build Order
Export as new Build Order

Bobby Terran - Winner!

Build Orders: Hellion Opening, Reaper Expand 

Get SALT Encoding   

  12  0:01  SCV  
  13  0:13  SCV  
  14  0:17  Supply Depot  
  14  0:25  SCV  
  15  0:39  SCV  
  15  0:41  Barracks  
  16  0:44  Refinery  
  16  0:51  SCV  
  17  1:03  SCV  
  18  1:15  SCV  
  19  1:28  Orbital Command  
  19  1:29  Reaper  
  20  1:40  Command Center  
  20  1:49  Supply Depot  
  20  1:53  SCV  
  21  2:01  Marine  
  22  2:05  SCV  
  22  2:07  Factory  
  23  2:17  SCV  
  23  2:22  Barracks Reactor  
  25  2:30  SCV  
  25  2:38  Command Center  
  25  2:42  SCV  
  26  2:55  SCV  
  26  2:58  Orbital Command  
  27  3:04  Hellion x2  
  31  3:06  Barracks Tech Lab  
  31  3:15  SCV  
  32  3:24  SCV  
  32  3:25  Hellion x2  
  32  3:27  Stimpack, Marine  
  38  3:35  SCV  
  38  3:36  SCV  
  40  3:45  Supply Depot  
  40  3:47  Hellion x2  
  44  3:55  SCV x2  
  43  3:56  Marine  
  43  4:00  SCV  
  44  4:07  SCV, Orbital Command  
  45  4:11  Hellion, Refinery, Barracks  
  45  4:12  Hellion, Barracks  
  45  4:13  Refinery  
  45  4:14  Refinery  
  45  4:15  SCV  
  50  4:19  SCV  
  50  4:20  Marine  
  52  4:29  Engineering Bay  
  52  4:32  SCV x2  
  52  4:33  SCV, Engineering Bay  
  55  4:45  Starport  
  55  4:47  SCV x3  
  55  4:48  Factory Reactor  
  55  4:51  Marine  
  55  4:52  Bunker  
  59  4:59  SCV x2  
  61  5:00  Terran Infantry Weapons Level 1, Terran Infantry Armor Level 1  
  61  5:04  Barracks Reactor  
  61  5:06  SCV  
  62  5:08  Marine  
  63  5:14  Barracks  
  63  5:16  Barracks  
  63  5:19  Marine x2  
  65  5:23  SCV x2  
  65  5:26  Marine  
  66  5:32  Factory Reactor  
  66  5:34  Medivac x2  
  66  5:36  Marine  
  66  5:37  Marine  
  66  5:41  Marine  
  69  5:43  Marine  
  69  5:44  Marine  
  69  5:49  SCV x2  
  65  5:54  Marine x2  
  63  5:59  SCV, Marine  
  63  6:01  SCV  
  66  6:07  Barracks Reactor  
  66  6:10  Marine x2  
  68  6:12  Marine  
  68  6:13  Armory  
  69  6:22  Supply Depot  
  69  6:23  Supply Depot x2  
  69  6:36  Starport  
  69  6:41  Missile Turret  
  69  6:44  SCV x2, Missile Turret  
  69  6:45  Barracks Reactor  
  78  6:49  Missile Turret  
  78  6:53  Missile Turret  

Tags
 
Add a new tag
Caveats
  • Supply blocks, unpowered buildings, or Contaminate may cause inaccurate times.
  • Supply counts are checked every 10 seconds.